Map: Deathaura LE

Players

Zoun

  • Race: Protoss Protoss
  • League: Diamond
  • Spawn Location: 11:00

Astrea - Winner!

  • Race: Protoss Protoss
  • League: Master
  • Spawn Location: 5:00

Event: Cheeseadelphia Winter Championship 2021

VOD

Have the link to the VOD?

Description

Time

  • Played on: Jan. 24, 2021, 1:35 p.m.
  • Length: 15:00

All games in this series

Show
View Real Time Build Order
Export as new Build Order

Zoun Protoss 

Build Orders: Blink Stalkers, Dark Templar Rush 

Get SALT Encoding   

  12  0:00  Probe  
  13  0:12  Probe  
  14  0:17  Pylon  
  14  0:24  Probe (Chrono Boost)  
  16  0:36  Gateway  
  16  0:37  Probe (Chrono Boost)  
  16  0:42  Probe (Chrono Boost)  
  16  0:45  Assimilator  
  17  0:52  Probe (Chrono Boost)  
  17  0:54  Assimilator  
  18  1:04  Probe (Chrono Boost)  
  18  1:08  Gateway  
  19  1:13  Probe (Chrono Boost)  
  20  1:18  Probe  
  20  1:24  Cybernetics Core  
  21  1:30  Probe  
  22  1:36  Pylon  
  22  1:43  Probe  
  23  1:55  Probe  
  23  2:00  Stalker x2  
  28  2:02  Warp Gate  
  28  2:12  Pylon  
  28  2:13  Probe  
  29  2:18  Pylon  
  29  2:27  Twilight Council  
  29  2:40  Stalker  
  31  3:04  Dark Shrine  
  31  3:15  Nexus  
  31  3:20  Probe  
  32  3:28  Shield Battery  
  32  3:32  Pylon  
  32  3:34  Probe  
  33  3:41  Shield Battery  
  33  3:44  Blink (Chrono Boost)  
  33  3:52  Probe (Chrono Boost)  
  34  4:04  Probe (Chrono Boost)  
  34  4:09  Stalker  
  37  4:14  Probe (Chrono Boost)  
  37  4:16  Dark Templar  
  40  4:20  Robotics Facility  
  40  4:26  Probe (Chrono Boost)  
  40  4:28  Probe (Chrono Boost)  
  42  4:35  Probe (Chrono Boost)  
  42  4:36  Probe (Chrono Boost)  
  44  4:40  Probe (Chrono Boost)  
  44  4:42  Probe  
  46  4:52  Stalker x2, Probe  
  47  4:54  Probe  
  50  5:04  Probe  
  50  5:06  Probe  
  52  5:08  Observer  
  52  5:10  Pylon  
  52  5:13  Pylon  
  53  5:17  Gateway  
  53  5:19  Gateway  
  53  5:21  Probe  
  53  5:24  Assimilator  
  53  5:28  Pylon, Probe  
  55  5:38  Probe  
  55  5:40  Probe  
  55  5:42  Stalker x2, Pylon  
  61  5:49  Observer  
  62  5:54  Nexus  
  62  6:01  Gateway  
  62  6:02  Probe  
  62  6:03  Probe  
  64  6:06  Pylon  
  64  6:12  Observer, Dark Templar  
  64  6:18  Stalker x2  
  70  6:21  Stalker  
  72  6:26  Probe x2  
  72  6:32  Forge  
  74  6:38  Probe  
  75  6:40  Probe  
  75  6:49  Charge, Immortal  
  75  6:50  Probe  
  75  6:52  Probe  
  81  6:54  Sentry  
  81  6:56  Protoss Ground Weapons Level 1 (Chrono Boost)  
  81  6:58  Gateway  
  81  6:59  Gateway  
  83  7:04  Probe (Chrono Boost)  
  83  7:06  Probe (Chrono Boost)  
  83  7:07  Probe (Chrono Boost)  
  89  7:15  Probe (Chrono Boost)  
  89  7:17  Probe (Chrono Boost)  
  89  7:18  Probe (Chrono Boost)  
  89  7:19  Templar Archives  
  89  7:20  Probe (Chrono Boost)  
  89  7:21  Gateway  
  89  7:22  Probe (Chrono Boost)  
  88  7:25  Gateway  
  89  7:30  Assimilator  
  89  7:32  Assimilator, Immortal (Chrono Boost)  
  93  7:42  Probe x3  
  93  7:43  Sentry, Pylon  
  98  7:49  Pylon  
  98  7:51  Pylon  
  98  7:55  Gateway  
  98  7:59  Shield Battery, Gateway  
  98  8:00  Photon Cannon  
  99  8:05  Probe  
  99  8:11  Zealot x4, High Templar x2  
  111  8:15  Archon  
  111  8:17  Zealot  
  111  8:18  Shield Battery  
  113  8:20  Shield Battery  
  113  8:33  Zealot  
  108  8:36  Zealot x4  
  108  8:37  Shield Battery  
  104  8:42  Zealot  
  104  8:44  Zealot  
  104  8:45  Zealot  
  88  9:01  Zealot x3  
  88  9:02  Zealot x2  
  88  9:04  Stalker x2  
  88  9:07  Observer  
  89  9:11  Stalker x3  
  95  9:22  Probe x2, Protoss Ground Weapons Level 2 (Chrono Boost)  
  97  9:24  Probe  
  97  9:27  Observer  
  97  9:29  High Templar x2  
  103  9:34  Archon, High Templar x2  
  103  9:35  Nexus  
  103  9:38  Archon, Pylon  
  107  9:42  Probe x2  
  107  9:43  Assimilator, Probe  
  110  9:54  Probe  
  110  9:55  Probe x2  
  110  9:59  Shield Battery, Photon Cannon  
  113  10:01  Sentry  
  113  10:06  Probe, Robotics Facility  
  108  10:11  Photon Cannon  
  108  10:13  Probe  
  108  10:16  Probe  
  108  10:19  Probe (Chrono Boost)  
  107  10:21  Pylon  
  107  10:26  Probe (Chrono Boost)  
  108  10:29  Pylon  
  108  10:31  Probe (Chrono Boost)  
  108  10:34  Probe (Chrono Boost)  
  111  10:37  Probe (Chrono Boost)  
  111  10:39  Probe (Chrono Boost)  
  111  10:41  Probe (Chrono Boost)  
  111  10:42  Pylon, Probe (Chrono Boost)  
  113  10:46  Probe  
  113  10:47  Robotics Bay, Probe  
  116  10:52  Probe  
  116  10:53  Probe  
  118  10:57  Photon Cannon  
  118  10:58  Probe, High Templar x4  
  118  10:59  Probe  
  118  11:00  Assimilator  
  118  11:02  Archon x2  
  118  11:03  Pylon  
  118  11:04  Probe  
  129  11:05  Observer (Chrono Boost)  
  129  11:06  Assimilator  
  129  11:11  Zealot  
  129  11:14  Stalker x5  
  129  11:16  Probe x2  
  129  11:17  Probe  
  144  11:18  Observer  
  144  11:20  Pylon  
  144  11:24  Photon Cannon  
  144  11:25  Shield Battery  
  144  11:26  Photon Cannon  
  142  11:33  Disruptor x2 (Chrono Boost)  
  148  11:40  Stalker x3  
  154  11:54  Stalker x5  
  161  12:01  Disruptor  
  164  12:16  Pylon, Shadow Stride  
  164  12:17  Pylon  
  164  12:23  Zealot  
  164  12:25  Probe x3  
  164  12:29  Gravitic Boosters  
  168  12:33  Zealot x3  
  172  12:42  Probe x2  
  172  12:50  Warp Prism, Disruptor  
  167  12:57  Zealot x3  
  167  12:58  Zealot  
  165  13:01  Zealot x3  
  163  13:06  Nexus  
  163  13:07  Stalker x2, Pylon  
  138  13:23  Probe x3  
  138  13:25  Stalker  
  138  13:26  Stalker x3  
  148  13:27  Observer (Chrono Boost)  
  142  13:34  Zealot x3  
  135  13:44  Zealot x3  
  130  13:50  Observer (Chrono Boost)  
  130  13:54  Stalker  
  130  13:55  Stalker x4  
  103  14:11  Dark Templar x3  
  103  14:12  Dark Templar x2  
  91  14:18  Disruptor (Chrono Boost)  
  91  14:19  Probe x3  
  88  14:31  Probe (Chrono Boost)  
  81  14:34  Probe (Chrono Boost)  
  81  14:35  Probe (Chrono Boost)  
  75  14:40  Stalker x4  
  75  14:42  Probe (Chrono Boost)  
  75  14:44  Probe (Chrono Boost)  
Show
View Real Time Build Order
Export as new Build Order

Astrea Protoss - Winner!

Build Orders:  

Get SALT Encoding   

  12  0:00  Probe  
  13  0:12  Probe  
  14  0:17  Pylon  
  14  0:24  Probe (Chrono Boost)  
  15  0:36  Probe (Chrono Boost)  
  15  0:37  Gateway  
  16  0:44  Probe (Chrono Boost)  
  16  0:45  Assimilator  
  17  0:51  Probe  
  17  0:54  Assimilator  
  18  1:03  Probe (Chrono Boost)  
  19  1:06  Gateway  
  20  1:12  Probe (Chrono Boost)  
  20  1:17  Probe (Chrono Boost)  
  20  1:24  Cybernetics Core  
  21  1:29  Probe  
  22  1:35  Pylon  
  22  1:41  Probe  
  23  1:53  Probe  
  24  1:58  Warp Gate (Chrono Boost)  
  24  2:00  Adept x2  
  28  2:10  Probe  
  29  2:18  Pylon  
  29  2:28  Probe  
  30  2:36  Sentry x2  
  34  2:40  Probe  
  35  2:50  Nexus  
  35  2:52  Shield Battery  
  35  2:55  Probe  
  36  3:03  Sentry  
  38  3:09  Pylon  
  38  3:10  Probe  
  39  3:16  Twilight Council  
  39  3:27  Probe  
  40  3:38  Stalker  
  40  3:39  Stalker, Probe  
  44  3:43  Forge  
  44  3:50  Pylon  
  44  3:51  Probe  
  45  4:03  Robotics Facility  
  45  4:04  Probe x2  
  47  4:16  Photon Cannon  
  47  4:18  Probe  
  48  4:28  Stalker x2  
  52  4:32  Probe x2  
  52  4:33  Protoss Ground Weapons Level 1 (Chrono Boost)  
  52  4:34  Blink (Chrono Boost)  
  54  4:44  Probe x2  
  55  4:57  Probe x2  
  55  4:59  Observer  
  58  5:06  Nexus  
  58  5:09  Probe  
  58  5:10  Probe  
  60  5:17  Pylon  
  60  5:20  Assimilator, Observer  
  61  5:22  Probe (Chrono Boost)  
  61  5:24  Probe (Chrono Boost)  
  63  5:34  Probe (Chrono Boost)  
  65  5:37  Gateway  
  65  5:38  Probe (Chrono Boost)  
  65  5:39  Gateway, Probe (Chrono Boost)  
  66  5:46  Probe  
  66  5:48  Probe  
  68  5:51  Immortal (Chrono Boost)  
  72  5:58  Probe  
  72  6:00  Probe  
  72  6:01  Pylon  
  74  6:06  Photon Cannon  
  74  6:10  Probe  
  75  6:13  Probe  
  75  6:17  Shield Battery  
  76  6:21  Stalker x2  
  76  6:22  Probe  
  76  6:25  Probe  
  82  6:27  Immortal (Chrono Boost)  
  82  6:30  Observer  
  86  6:32  Observer  
  86  6:33  Shield Battery  
  86  6:38  Stalker x2  
  90  6:46  Stalker x2  
  94  6:49  Pylon  
  94  6:56  Immortal (Chrono Boost)  
  98  7:04  Stalker  
  98  7:08  Probe x3  
  103  7:10  Stalker x2, Pylon  
  103  7:11  Pylon  
  103  7:12  Stalker  
  109  7:16  Protoss Ground Weapons Level 2 (Chrono Boost)  
  109  7:27  Warp Prism (Chrono Boost)  
  109  7:29  Assimilator  
  111  7:31  Assimilator  
  111  7:32  Observer  
  111  7:41  Probe  
  112  7:45  Stalker x3  
  112  7:47  Probe x2  
  120  7:53  Probe  
  121  8:02  Stalker  
  123  8:07  Assimilator  
  123  8:09  Charge  
  123  8:14  Stalker  
  123  8:17  Gateway, Nexus  
  123  8:19  Pylon  
  125  8:20  Gateway  
  125  8:21  Dark Shrine  
  125  8:22  Pylon  
  125  8:23  Photon Cannon  
  121  8:39  Stalker x3  
  121  8:40  Stalker  
  121  8:41  Probe  
  106  8:49  Observer  
  96  9:04  Stalker x4  
  96  9:05  Probe x3  
  101  9:14  Observer  
  101  9:17  Probe x2  
  101  9:18  Probe  
  101  9:19  Protoss Ground Weapons Level 3 (Chrono Boost)  
  101  9:22  Observer  
  101  9:23  Gateway  
  100  9:24  Gateway  
  100  9:25  Photon Cannon  
  100  9:26  Photon Cannon  
  100  9:31  Shield Battery, Shadow Stride (Chrono Boost)  
  100  9:36  Probe x3  
  103  9:41  Dark Templar x4  
  111  9:50  Probe  
  111  9:51  Probe x3  
  115  10:05  Probe  
  114  10:21  Stalker x5  
  114  10:22  Stalker x3  
  114  10:27  Probe x3  
  131  10:32  Probe  
  131  10:33  Assimilator  
  131  10:34  Assimilator  
  132  10:36  Observer  
  132  10:38  Gateway  
  132  10:39  Gateway, Probe  
  132  10:41  Pylon  
  133  10:46  Stalker x8  
  133  10:49  Observer (Chrono Boost)  
  150  10:50  Pylon  
  150  10:54  Pylon  
  150  10:55  Pylon  
  150  10:56  Observer  
  150  11:07  Robotics Bay  
  150  11:12  Stalker x2, Robotics Facility  
  150  11:13  Stalker x6  
  150  11:16  Robotics Facility  
  166  11:19  Pylon  
  166  11:22  Observer  
  166  11:27  Observer  
  166  11:33  Observer  
  167  11:40  Nexus  
  167  11:42  Pylon  
  167  11:44  Protoss Shields Level 1 (Chrono Boost)  
  165  12:03  Disruptor x2 (Chrono Boost)  
  165  12:04  Disruptor (Chrono Boost)  
  165  12:05  Dark Templar x3  
  165  12:06  Zealot x7  
  194  12:10  Observer  
  194  12:11  Photon Cannon  
  194  12:12  Photon Cannon  
  194  12:13  Photon Cannon x2  
  193  12:15  Shield Battery  
  193  12:16  Shield Battery  
  193  12:20  Pylon  
  193  12:34  Dark Templar x3  
  194  12:49  Disruptor  
  194  12:50  Disruptor x2  
  155  13:07  Stalker x10  
  173  13:25  Disruptor  
  176  13:27  Disruptor x2  
  168  13:42  Zealot x10  
  188  13:54  Photon Cannon  
  188  13:55  Photon Cannon  
  188  13:56  Photon Cannon  
  188  13:59  Photon Cannon  
  188  14:01  Observer, Disruptor  
  186  14:03  Disruptor  
  173  14:15  Zealot x7  
  173  14:16  Zealot x3  
Tags
 
Add a new tag
Caveats
  • Supply blocks, unpowered buildings, or Contaminate may cause inaccurate times.
  • Supply counts are checked every 10 seconds.